 Dungeon Crawl Stone Soup version 0.31-a0-149-g3fdcc5976a (webtiles) character file.

Game seed: 178401732333755394

6722 IdlyInterested the Fighter (level 10, -2/97 HPs)
             Began as a Demonspawn Wanderer on June 7, 2023.
             Was a Priest of Ashenzari.
             Slain by a two-headed ogre
             ... wielding a +0 giant spiked club
              (12 damage)
             ... on level 10 of the Dungeon.
             The game lasted 00:37:27 (9395 turns).

IdlyInterested the Fighter (Demonspawn Wanderer)    Turns: 9395, Time: 00:37:28

Health: -2/97      AC: 20    Str: 17    XL:     10   Next: 74%
Magic:  0/25       EV:  7    Int: 14    God:    Ashenzari [***...]
Gold:   603        SH: 10    Dex: 18    Spells: 17/17 levels left

rFire   . . .        e - +4 whip (flame)
rCold   . . .        L - +0 kite shield "Visionary Burden" {Self, Fort} (curse)
rNeg    . . .        K - +3 chain mail
rPois   .            (helmet restricted)
rElec   .            (cloak unavailable)
rCorr   +            d - +2 pair of gloves
SInv    +            x - +3 pair of boots of the Cryptic Boredom {Harm Will- Regen+ Dex+6, Melee, Fort} (curse)
Will    .....        s - amulet of the Cryptic Empyrean {Spirit, Comp, Melee} (curse) Stlth
                     v - ring "Circumscribed Ennui" {rCorr, Bglg, Fort} (curse)
HPRegen 1.16/turn    D - ring of the Sibylline Prison {MP+9, Alch, Elem} (curse)
MPRegen 0.19/turn

%: harm (+30% outgoing, +20% incoming), clarity, guardian spirit
@: no status effects
A: antennae 2, demonic guardian 2, weakness stinger 3
a: Renounce Religion, Shatter the Chains


You were on level 10 of the Dungeon.
You worshipped Ashenzari.
Ashenzari was most pleased with you.
You visited 2 branches of the dungeon, and saw 11 of its levels.
You also visited: Sewer.

You collected 603 gold pieces.

Inventory:

Hand Weapons
 e - a +4 whip of flaming (weapon)
 f - a +2 heavy mace
 G - a +2 heavy long sword
 H - a +0 war axe
 X - a +4 dagger of speed
 Y - a +3 morningstar
 Z - the +4 dagger "Globulus" {flame, rPois Int+3}
   (You found it on level 9 of the Dungeon)

   Int:       It affects your intelligence (+3).
   rPois:     It protects you from poison.
Missiles
 b - 27 poisoned darts
 l - 103 stones (quivered)
 r - 4 atropa-tipped darts
 F - 5 boomerangs
 M - 6 javelins
 P - 4 curare-tipped darts
Armour
 d - a +2 pair of gloves (worn)
 j - +0 swamp dragon scales
 x - the cursed +3 pair of boots of the Cryptic Boredom (worn) {Harm Will- Regen+ Dex+6, Melee, Fort}
   (You found it on level 3 of the Dungeon)

   Dex:       It affects your dexterity (+6).
   Regen:     It increases your rate of health regeneration.
   Harm:      It increases damage dealt and taken.
   Will:      It decreases your willpower.
   It has a curse which improves the following skills: Melee Combat: Short
   Blades, Long Blades, Axes, Maces & Flails, Polearms, Staves and Unarmed
   Combat.
   Fortitude: Armour and Shields.
 y - a +3 scale mail of fire resistance
 K - a +3 chain mail (worn)
 L - the cursed +0 kite shield "Visionary Burden" (worn) {Self, Fort}
   (You found it on level 6 of the Dungeon)

   It has a curse which improves the following skills: Introspection: Fighting
   and Spellcasting.
   Fortitude: Armour and Shields.
Magical Staves
 C - a staff of air
Jewellery
 s - the cursed amulet of the Cryptic Empyrean (around neck) {Spirit, Comp, Melee}
   (You found it on level 2 of the Dungeon)

   [amulet of guardian spirit]

   It causes incoming damage to be divided between your reserves of health and
   magic.
   It has a curse which improves the following skills: Companions: Summonings
   and Necromancy.
   Melee Combat: Short Blades, Long Blades, Axes, Maces & Flails, Polearms,
   Staves and Unarmed Combat.
 v - the cursed ring "Circumscribed Ennui" (left hand) {rCorr, Bglg, Fort}
   (You found it on level 3 of the Dungeon)

   [ring of resist corrosion]

   rCorr:     It protects you from acid and corrosion.
   It has a curse which improves the following skills: Beguiling: Conjurations,
   Hexes and Translocations.
   Fortitude: Armour and Shields.
 w - a +6 ring of strength
 B - a ring of ice
 D - the cursed ring of the Sibylline Prison (right hand) {MP+9, Alch, Elem}
   (You found it in a sewer)

   [ring of magical power]

   MP:        It affects your magic capacity (+9).
   It has a curse which improves the following skills: Alchemy: Poison Magic and
   Transmutations.
   Elements:  Fire Magic, Ice Magic, Air Magic and Earth Magic.
Wands
 n - a wand of roots (8)
 I - a wand of flame (23)
Scrolls
 a - 4 scrolls of teleportation
 c - a scroll of silence
 p - 2 scrolls of vulnerability
 q - a scroll of magic mapping
 t - 4 scrolls of summoning
 A - a scroll of blinking
 O - a scroll of fear
 Q - a scroll of acquirement
 T - a scroll of brand weapon
Potions
 g - 5 potions of lignification
 h - 2 potions of mutation
 i - a potion of resistance
 k - a potion of berserk rage
 m - 2 potions of haste
 o - 3 potions of invisibility
 u - a potion of magic
 z - a potion of might
 E - 2 potions of cancellation
 J - a potion of heal wounds
 N - 2 potions of enlightenment
 U - 2 potions of curing


   Skills:
 * Level 14.1(15.5) Fighting
 - Level 3.0 Throwing
 - Level 2.4(4.7) Armour
 - Level 2.7 Dodging
 - Level 2.1 Stealth
 - Level 1.9(4.1) Shields
 - Level 3.0(4.3) Spellcasting
 - Level 4.0(5.3) Conjurations
 - Level 2.0(3.1) Fire Magic
 - Level 2.0(3.1) Air Magic
 - Level 3.0 Evocations


You had 17 spell levels left.
You didn't know any spells.
Your spell library contained the following spells:

 Spells                   Type           Power      Damage    Failure   Level
 Magic Dart               Conj           72%        1d6       47%         1
 Foxfire                  Conj/Fire      56%        2x1d6     63%         1
 Shock                    Conj/Air       56%        1d6       63%         1
 Kiss of Death            Conj/Necr      40%        2d8       83%         1
 Sandblast                Erth           6%         2d5       99%         1
 Dazzling Flash           Conj/Hex       20%        N/A       99%         3
 Mephitic Cloud           Conj/Pois/Air  11%        N/A       99%         3
 Stone Arrow              Conj/Erth      20%        3d8       99%         3
 Lesser Beckoning         Tloc           6%         N/A       100%        2
 Passwall                 Tmut/Erth      2%         N/A       100%        2
 Confusing Touch          Hex            3%         N/A       100%        3
 Gell's Gravitas          Tloc           3%         N/A       100%        3
 Teleport Other           Tloc           3%         N/A       100%        3
 Volatile Blastmotes      Fire/Tloc      14%        2d11      100%        3
 Animate Armour           Summ/Erth      6%         N/A       100%        4
 Dispel Undead            Necr           3%         3d7       100%        4
 Summon Lightning Spire   Summ/Air       7%         N/A       100%        4
 Agony                    Necr           3%         N/A       100%        5
 Blade Hands              Tmut           1%         N/A       100%        5
 Irradiate                Conj/Tmut      5%         3d13      100%        5
 Silence                  Hex/Air        3%         N/A       100%        5
 Dragon Form              Tmut           1%         N/A       100%        7


Dungeon Overview and Level Annotations

Branches:
Dungeon (10/15)            Temple (1/1) D:5             Orc (0/2) D:9
  Sewer (visited)
   Lair: D:8-11

Altars:
Ashenzari
Cheibriados
Dithmenos
Fedhas
Gozag
Hepliaklqana
Kikubaaqudgha
Makhleb
Nemelex Xobeh
Okawaru
Qazlal
Ru
Sif Muna
Trog
Uskayaw
Vehumet
Wu Jian
Xom
Yredelemnul

Shops:
D:8 ?


Innate Abilities, Weirdness & Mutations

You have a pair of antennae on your head.
A demonic guardian rushes to your aid.
You have a sharp stinger which inflicts weakening toxins.


Message History

The two-headed ogre hits you with a +0 giant club!
The orc warrior hits you with a +0 scimitar.
The orc hits you but does no damage.
You hit the two-headed ogre but do no damage.
The two-headed ogre is moderately wounded.
The unseen horror hits you but does no damage.
The two-headed ogre barely misses you. You block the two-headed ogre's attack.
The orc hits you with a +0 flail.
The orc warrior hits you but does no damage.
Unknown command.
You hit the two-headed ogre. You burn the two-headed ogre.
The two-headed ogre is heavily wounded.
The unseen horror hits you but does no damage. x2
The orc hits you with a +0 flail. The orc warrior barely misses you.
The two-headed ogre hits you with a +0 giant spiked club!
The two-headed ogre hits you with a +0 giant club!
* * * LOW HITPOINT WARNING * * *
You hit the two-headed ogre. You burn the two-headed ogre.
The two-headed ogre is heavily wounded.
The unseen horror hits you but does no damage.
The orc barely misses you. You block the orc warrior's attack.
Unknown command.
You hit the two-headed ogre. You burn the two-headed ogre.
Your tail-slap misses the two-headed ogre.
The two-headed ogre is heavily wounded.
You block the unseen horror's attack. x2
The two-headed ogre hits you with a +0 giant spiked club.
* * * LOW HITPOINT WARNING * * *
The two-headed ogre hits you with a +0 giant club!
* * * LOW HITPOINT WARNING * * *
A demonic guardian appears!
The orc hits you but does no damage.
The orc warrior hits you but does no damage. x2
The orc hits you but does no damage. The unseen horror hits you.
* * * LOW HITPOINT WARNING * * *
You whack the two-headed ogre! You burn the two-headed ogre.
The two-headed ogre is severely wounded.
The unseen horror hits you but does no damage.
The two-headed ogre barely misses you.
The two-headed ogre hits you with a +0 giant club!
You die...

#################### ###
*
....................,...
#####...................
, #
#..................., #
#.........#####.....
#####..###..............
,
................4o......
,,, ,
................@Ox.....
,
................o.......
, ,,
..........####+####+####
* .######...# ,,, ,, , ,
, .######...# , ,*
[.........# , , , *
..........#,,,,, ,,
....<.....# , ,, ,
..........# , ,


You could see a two-headed ogre, an unseen horror (invisible), an orc warrior,
an orc (ally target) and a friendly orange demon (summoned).

Vanquished Creatures
  Pikel (D:8)
  Maggie (D:8)
  A komodo dragon (D:9)
  A troll (D:9)
  A hornet (D:9)
  Grinder (D:3)
  A wyvern (D:9)
  3 yaks (D:9)
  A steam dragon (D:8)
  2 water moccasins (D:6)
  3 orc warriors
  2 ice beasts
  A sky beast (D:7)
  2 black bears
  An ogre (D:6)
  3 centaurs (D:9)
  4 kobold brigands
  2 bullfrogs
  2 scorpions
  8 wights
  7 killer bees
  A howler monkey (D:8)
  2 hounds (D:6)
  4 jellies
  A gnoll bouda (D:5)
  Crazy Yiuf (D:7)
  4 orc priests
  9 orc wizards
  5 iguanas
  A hell rat (Sewer)
  9 gnolls
  9 adders
  2 river rats (Sewer)
  A shadow imp (D:5)
  An ufetubus (D:6)
  2 worms (D:5)
  2 dart slugs
  18 orcs
  4 ball pythons
  5 bats
  An endoplasm (D:4)
  6 giant cockroaches
  9 hobgoblins
  8 jackals (D:1)
  20 kobolds
  2 quokkas
  A frilled lizard (D:3)
  6 goblins
  9 rats
191 creatures vanquished.

Vanquished Creatures (collateral kills)
  A hornet (D:7)
  2 yaks (D:9)
  An orc warrior (D:9)
  A kobold brigand (D:9)
  2 gnoll sergeants (D:9)
  A wight (D:9)
  An orc priest (D:9)
  An orc wizard (D:9)
  3 orcs (D:9)
  A kobold (D:9)
14 creatures vanquished.

Grand Total: 205 creatures vanquished

Notes
Turn   | Place    | Note
-------+----------+-------------------------------------------
     0 | D:1      | IdlyInterested the Demonspawn Wanderer began the quest for
                  | the Orb.
     0 | D:1      | IdlyInterested set off with the following items: a +0
                  | dagger, 10 poisoned darts, a scroll of silence, a +0 robe;
                  | and the following spells available to memorise: Magic Dart,
                  | Foxfire, Shock, Mephitic Cloud, Volatile Blastmotes.
     0 | D:1      | Reached XP level 1. HP: 13/13 MP: 2/2
   205 | D:1      | Reached skill level 1 in Fighting
   208 | D:1      | Discovered your monstrous ancestry.
   208 | D:1      | Gained mutation: You have a small tail. [demonic ancestry]
   208 | D:1      | Reached XP level 2. HP: 17/21 MP: 3/3
   427 | D:1      | Reached skill level 1 in Armour
   827 | D:2      | Reached skill level 2 in Fighting
   827 | D:2      | Gained mutation: You have a pair of small antennae on your
                  | head. [demonic ancestry]
   827 | D:2      | Reached XP level 3. HP: 24/27 MP: 4/4
   957 | D:2      | Reached skill level 1 in Dodging
  1165 | D:2      | Reached skill level 1 in Evocations
  1227 | D:2      | Gained mutation: You have a tail ending in a sharp stinger.
                  | [demonic ancestry]
  1227 | D:2      | Reached XP level 4. HP: 31/34 MP: 5/5
  1756 | D:3      | Identified the +3 pair of boots of Yllaur {Harm Will-
                  | Regen+ Dex+6}
  1881 | D:3      | Noticed Grinder
  1889 | D:3      | Paralysed by Grinder for 2 turns
  1893 | D:3      | Killed Grinder
  1894 | D:3      | Reached skill level 4 in Fighting
  1894 | D:3      | Gained mutation: A weak demonic guardian rushes to your
                  | aid. [demonic ancestry]
  1894 | D:3      | Reached XP level 5. HP: 24/43 MP: 3/6
  2119 | D:3      | Reached XP level 6. HP: 49/49 MP: 7/7
  2464 | D:4      | Noticed an ice beast
  2488 | D:4      | Killed an ice beast
  2489 | D:4      | Reached skill level 5 in Fighting
  3187 | D:4      | Found a broken altar of Ashenzari.
  3190 | D:4      | Became a worshipper of Ashenzari the Shackled
  3278 | D:5      | Entered Level 5 of the Dungeon
  3288 | D:5      | Found a staircase to the Ecumenical Temple.
  3348 | D:5      | Found a glowing drain.
  3358 | Sewer    | Entered a sewer
  3370 | Sewer    | Gained mutation: You have a sharp stinger which inflicts
                  | weakening toxins. [demonic ancestry]
  3370 | Sewer    | Reached XP level 7. HP: 47/57 MP: 6/8
  3566 | Temple   | Entered the Ecumenical Temple
  3743 | D:5      | Reached skill level 6 in Fighting
  4041 | D:5      | Found a radiant altar of Vehumet.
  4209 | D:5      | Reached skill level 1 in Air Magic
  4683 | D:6      | Reached skill level 7 in Fighting
  4710 | D:6      | Reached * piety under Ashenzari
  4790 | D:6      | Gained mutation: You have a pair of antennae on your head.
                  | [demonic ancestry]
  4790 | D:6      | Reached XP level 8. HP: 65/67 MP: 7/9
  4866 | D:6      | Reached skill level 8 in Fighting
  5069 | D:6      | Reached skill level 9 in Fighting
  5336 | D:7      | Reached ** piety under Ashenzari
  5719 | D:7      | Reached *** piety under Ashenzari
  5824 | D:7      | Reached skill level 1 in Shields
  5921 | D:7      | Identified a scroll of acquirement
  6219 | D:7      | Found a bloodstained altar of Trog.
  6228 | D:7      | Noticed a hornet
  6236 | D:7      | Paralysed by a hornet for 1 turns
  6242 | D:7      | HP: 3/72 [hornet (5)]
  6242 | D:7      | Paralysed by a hornet for 1 turns
  6246 | D:7      | Killed a hornet
  6247 | D:7      | Reached skill level 10 in Fighting
  6247 | D:7      | Reached XP level 9. HP: 12/78 MP: 0/10
  6633 | D:7      | Found a runed translucent door.
  6634 | D:7      | Noticed Crazy Yiuf
  6642 | D:7      | Killed Crazy Yiuf
  6829 | D:8      | Found The Oracle's Delphic Readings.
  7645 | D:8      | Noticed Maggie
  7665 | D:8      | Killed Maggie
  7666 | D:8      | Reached skill level 11 in Fighting
  7816 | D:8      | Noticed Pikel
  7830 | D:8      | Killed Pikel
  8226 | D:9      | Reached skill level 12 in Fighting
  8226 | D:9      | Gained mutation: A demonic guardian rushes to your aid.
                  | [demonic ancestry]
  8226 | D:9      | Reached XP level 10. HP: 77/89 MP: 14/14
  8313 | D:9      | Found a staircase to the Orcish Mines.
  8669 | D:9      | Reached skill level 13 in Fighting
  8715 | D:9      | Reached **** piety under Ashenzari
  8755 | D:9      | Identified the +4 dagger "Globulus" {flame, rPois Int+3}
  8928 | D:9      | Reached skill level 14 in Fighting
  9242 | D:10     | Entered Level 10 of the Dungeon
  9380 | D:10     | Noticed a two-headed ogre
  9395 | D:10     | Slain by a two-headed ogre

Illustrated notes

Levels and vault maps discovered:
D:1:      dpeg_arrival_round_c, layout_basic, minmay_domino_4
D:2:      layout_rooms, moated_statue, minmay_misc_feat_iff
D:3:      layout_loops_ring, uniq_grinder
D:4:      layout_basic, marbit_many_paths
D:5:      layout_gridville, vehumet_altar_wand_db, minmay_temple_entry_wispy,
          portal_sewer_entry_e
D:6:      hellmonk_ruined_rings, layout_loops_ring, eino_curves_01,
          chequers_garden, kennysheep_flooded_box
D:7:      layout_layer_cave, lightli_temple_of_fire, uniq_crazy_yiuf_cottage
D:8:      layout_basic, nicolae_nh_oracle_at_delphi, uniq_pikel, uniq_maggie
D:9:      minmay_bubble_buster, layout_irregular_city, erik_orc_4
D:10:     layout_stronghold, david_lair_shrubbed
Temple:   hellmonk_temple_of_storms

Skill      XL: |  1  2  3  4  5  6  7  8  9 10 |
---------------+-------------------------------+-----
Throwing       | 2 3 |  3.0
Fighting       | 1 2 4 5 7 10 12 14 | 14.1
Armour         | 1 2 |  2.4
Dodging        | 1 2 |  2.7
Evocations     | 1 2 3 |  3.0
Fire Magic     | 2 |  2.0
Stealth        | 2 |  2.1
Air Magic      | 2 |  2.0
Shields        | 1 |  1.9
Spellcasting   | 3 |  3.0
Conjurations   | |  4.0

Action                     |  1- 3 |  4- 6 |  7- 9 | 10-12 || total
---------------------------+-------+-------+-------+-------++-------
  Melee: Whip              |    93 |   107 |   450 |   150 ||   800
         Punch             |     1 |     1 |     3 |       ||     5
         Tailslap          |     7 |    16 |    79 |    24 ||   126
  Throw: Dart              |       |     6 |    10 |       ||    16
         Stone             |       |       |     2 |     1 ||     3
         Javelin           |       |       |     6 |       ||     6
 Invoke: Curse Item        |       |       |     5 |     1 ||     6
         Shatter the Chain |       |       |       |     1 ||     1
  Evoke: Wand              |       |       |     3 |     2 ||     5
    Use: Potion            |       |     2 |     5 |       ||     7
         Scroll            |       |     6 |     2 |       ||     8
 Armour: Ring mail         |    32 |    33 |    13 |       ||    78
         Robe              |     1 |       |       |       ||     1
         Chain mail        |       |       |    76 |    22 ||    98
         Plate armour      |       |       |   178 |   104 ||   282
  Dodge: Dodged            |    58 |    55 |   143 |    48 ||   304
  Block: Kite shield       |       |       |    98 |   105 ||   203

Table legend: (Time is in decaauts)
 A = Elapsed time spent in this place.
 B = Non-inter-level travel time spent in this place.
 C = Inter-level travel time spent in this place.
 D = Time resting spent in this place.
 E = Time spent auto-exploring this place.
 F = Levels seen in this place.
 G = Mean time per level.
                   A        B        C        D        E       F      G
               +--------+--------+--------+--------+--------+-----+--------+
         Total |   9580 |   8451 |   1129 |    586 |   5232 |  12 |  798.3 |
       Dungeon |   9364 |   8235 |   1129 |    539 |   5212 |  10 |  936.4 |
        Temple |     39 |     39 |      0 |      0 |     18 |   1 |   39.0 |
         Sewer |    175 |    175 |      0 |     47 |      2 |   1 |  175.0 |
               +--------+--------+--------+--------+--------+-----+--------+

Top non-repeatable levels by time:
     D:8: 1521 daAuts
     D:7: 1515 daAuts
     D:9: 1074 daAuts
     D:4: 988 daAuts
     D:1: 943 daAuts
     D:5: 900 daAuts
     D:6: 889 daAuts
     D:3: 818 daAuts
     D:2: 650 daAuts
   Sewer: 175 daAuts
    D:10: 61 daAuts
  Temple: 39 daAuts
